 Dungeon Crawl Stone Soup version 0.31.0-32-g396128a36d (webtiles) character file.

Game seed: 16946652659787825809

12305 lolson the Severer (level 11, -1/97 HPs)
             Began as a Hill Orc Berserker on Apr 13, 2024.
             Was an Elder of Trog.
             Slain by an orc knight
             ... wielding a +0 long sword
              (13 damage)
             ... on level 1 of the Orcish Mines.
             The game lasted 01:03:39 (14015 turns).

lolson the Severer (Hill Orc Berserker)            Turns: 14015, Time: 01:03:45

Health: -1/97      AC: 17    Str: 25    XL:     11   Next: 91%
Magic:  0/9        EV: 10    Int:  7    God:    Trog [****..]
Gold:   586        SH:  0    Dex: 10    Spells: 10/10 levels left

rFire   . . .        x - +6 battleaxe
rCold   . . .        (shield currently unavailable)
rNeg    . . .        a - +0 chain mail
rPois   +            (no helmet)
rElec   .            c - +2 cloak
rCorr   .            p - +0 pair of gloves
SInv    .            r - +0 pair of boots
Will    .....        A - amulet of guardian spirit Stlth
                     e - ring of poison resistance
HPRegen 0.36/turn    (no ring)
MPRegen 0.11/turn

%: guardian spirit
@: on berserk cooldown, slowed, very slow
A: low MP 1
a: Renounce Religion, Berserk, Trog's Hand, Brothers in Arms


You were on level 1 of the Orcish Mines.
You worshipped Trog.
Trog was greatly pleased with you.
You visited 2 branches of the dungeon, and saw 10 of its levels.
You also visited: Ossuary.

You collected 845 gold pieces.
You spent 259 gold pieces at shops.

Inventory:

Hand Weapons
 h - a +0 great mace of protection
 x - a +6 battleaxe (weapon)
 z - a +0 heavy halberd
Missiles
 f - 17 poisoned darts (quivered)
 v - a throwing net
Armour
 a - a +0 chain mail (worn)
 c - a +2 cloak (worn)
 p - a +0 pair of gloves (worn)
 q - a +0 buckler
 r - a +0 pair of boots (worn)
Jewellery
 d - the ring "Ryfozo" {Ice rElec Will+ Int+3}
   (You took it off an orc wizard on level 8 of the Dungeon)

   [ring of ice]

   Ice:       It enhances your ice magic.
   Int+3:     It affects your intelligence (+3).
   rF-:       It makes you vulnerable to fire.
   rC+:       It protects you from cold.
   rElec:     It insulates you from electricity.
   Will+:     It increases your willpower.
 e - a ring of poison resistance (left hand)
 y - an amulet of the acrobat
 A - an amulet of guardian spirit (around neck)
 E - an amulet of magic regeneration
Wands
 D - a wand of charming (4)
 F - a wand of roots (7)
Scrolls
 b - a scroll of fog
 n - 4 scrolls of teleportation
 w - 2 scrolls of vulnerability
 C - a scroll of blinking
Potions
 g - 7 potions of enlightenment
 i - 2 potions of berserk rage {unknown}
 j - 2 potions of attraction
 k - 2 potions of heal wounds
 l - a potion of lignification {unknown}
 m - 4 potions of brilliance
 o - 6 potions of curing
 s - 4 potions of might
 t - 2 potions of haste {unknown}
 u - a potion of invisibility {unknown}
 B - a potion of cancellation {unknown}
 G - a potion of resistance {unknown}


   Skills:
 + Level 9.3 Fighting
 * Level 17.6(17.7) Axes
 + Level 1.8(9.9) Maces & Flails
 + Level 8.7 Armour
 + Level 3.8 Dodging
 * Level 6.2 Shields


You had 10 spell levels left.
You didn't know any spells.
Your spell library was empty.

Dungeon Overview and Level Annotations

Branches:
Dungeon (9/15)             Temple (0/1) D:7             Orc (1/2) D:9
Ossuary (visited)
   Lair: D:8-11

Altars:
Ashenzari
Cheibriados
Gozag
Kikubaaqudgha
Nemelex Xobeh
Uskayaw
Vehumet
Wu Jian

Shops:
D:4 [   D:6 ?


Innate Abilities, Weirdness & Mutations

Your magical capacity is low. (-10% MP)


Message History

You hit the troll but do no damage.
The troll is moderately wounded.
The troll barely misses you.
The troll claws you but does no damage. x2
You slice the troll!!
The troll is severely wounded.
You hear a shout! x2
The troll bites you but does no damage. The troll claws you.
The troll barely misses you.
The orc knight roars a battlecry!
The orc warrior goes into a battle-frenzy!
The troll closely misses you. The troll claws you but does no damage.
The troll claws you.
You hear a shout!
An orc priest comes into view. It is wielding a +0 club.
The orc priest shouts!
The orc priest shouts, "Join the one true god or die!"
You slash the troll!
The troll is almost dead.
The orc knight roars a battlecry!
The orc knight goes into a battle-frenzy!
The troll bites you but does no damage. The troll claws you but does no damage.
The troll claws you.
The orc priest moves out of view.
You hear a shout!
You slice the troll!!
You kill the troll!
Trog accepts your kill.
You slash the orc knight!
The orc knight is lightly wounded.
The orc knight completely misses you.
You barely miss the orc knight.
The orc knight is lightly wounded.
The orc knight hits you with a +0 long sword.
You hit the orc knight.
The orc knight is moderately wounded.
The orc knight hits you with a +0 long sword!!
* * * LOW HITPOINT WARNING * * *
An orc comes into view. It is wielding a +0 mace.
The orc curses loudly, as Orcs often do.
The orc knight hits you with a +0 long sword!
You die...

#######.#...#..#...#
##.##.##.#..#.......#
#...........#...#...#
##..##.#.....##......#
#...#####.....##.....#
##.## #..............
### ###.#...........
##..###.##.#..........
#..oo@.........)))....
###.###.......[)......
oo #............... #o
#......>...))).. #
#..........)....
#...............
####...............
#..............####
###.............###


You could see 2 orc knights, an orc warrior (strong) and 2 orcs.

Vanquished Creatures
  Fannar (Orc:1)
  A centaur warrior (D:8)
  A boulder beetle (D:8)
  An orc high priest (Orc:1)
  2 orc knights (Orc:1)
  Maurice (D:8)
  An unseen horror (D:8)
  An efreet (D:8)
  3 trolls (Orc:1)
  A hornet (D:7)
  A slime creature (D:8)
  8 yaks
  3 wargs (Orc:1)
  3 vampire mosquitoes (D:8)
  2 acid dragons (D:9)
  A water moccasin (D:7)
  9 orc warriors
  2 ice beasts
  A sky beast (D:8)
  A black bear (D:4)
  A sky beast (shapeshifter) (D:8)
  4 ogres
  2 centaurs
  2 phantoms
  2 elf zombies (Ossuary)
  2 kobold brigands
  9 bullfrogs
  3 scorpions
  5 wights (D:6)
  A burial acolyte (Ossuary)
  3 howler monkeys (D:9)
  2 centaur zombies (Ossuary)
  2 bombardier beetles
  4 hounds
  3 jellies
  A spectral scorpion (Ossuary)
  8 orc priests
  2 gnoll boudas
  An iguana (D:6)
  17 orc wizards
  A crocodile zombie (Ossuary)
  3 hound zombies (Ossuary)
  4 mummies
  9 adders
  10 gnolls
  A shadow imp (D:5)
  3 white imps
  2 adder zombies (Ossuary)
  7 dart slugs
  A ribbon worm (D:2)
  42 orcs
  4 ball pythons
  5 endoplasms
  3 gnoll zombies (Ossuary)
  6 goblins
  6 hobgoblins
  2 jackals (D:3)
  4 kobolds
  3 quokkas
  2 ball python zombies (Ossuary)
  6 bats
  8 frilled lizards
  5 jackal zombies (Ossuary)
  7 kobold zombies (Ossuary)
  2 orc zombies (Ossuary)
  5 rats
269 creatures vanquished.

Vanquished Creatures (collateral kills)
  A troll (Orc:1)
  An orc priest (Orc:1)
  2 orcs (Orc:1)
4 creatures vanquished.

Grand Total: 273 creatures vanquished

Notes
Turn   | Place    | Note
-------+----------+-------------------------------------------
     0 | D:1      | lolson the Hill Orc Berserker began the quest for the Orb.
     0 | D:1      | Reached XP level 1. HP: 19/19 MP: 1/1
   260 | D:1      | Gained mutation: Your magical capacity is low. (-10% MP)
                  | [potion of mutation]
   604 | D:1      | Reached XP level 2. HP: 12/27 MP: 1/1
  1853 | D:2      | Reached XP level 3. HP: 21/33 MP: 2/2
  2335 | D:2      | Reached ** piety under Trog
  2843 | D:2      | Reached skill level 5 in Axes
  3051 | D:3      | Found an opulent altar of Gozag.
  3070 | D:3      | Reached XP level 4. HP: 41/41 MP: 3/3
  3470 | D:3      | Reached XP level 5. HP: 30/47 MP: 4/4
  3657 | D:3      | Noticed a phantom
  3661 | D:3      | Found a faded altar of an unknown god.
  3672 | D:3      | Killed a phantom
  3673 | D:3      | Reached skill level 6 in Axes
  3717 | D:3      | Found an ancient bone altar of Kikubaaqudgha.
  3842 | D:4      | Found a sand-covered staircase.
  3852 | D:4      | Reached XP level 6. HP: 53/55 MP: 5/5
  3855 | Ossuary  | Entered an ossuary
  3915 | Ossuary  | Reached skill level 5 in Fighting
  3915 | Ossuary  | Reached skill level 7 in Axes
  4329 | Ossuary  | Reached XP level 7. HP: 60/61 MP: 6/6
  4630 | Ossuary  | Reached skill level 8 in Axes
  4756 | D:4      | Found an ornate altar of the Wu Jian Council.
  4774 | D:4      | Reached *** piety under Trog
  4901 | D:4      | Found Alodgh's Armour Boutique.
  5081 | D:4      | Bought a +0 pair of gloves for 49 gold pieces
  5081 | D:4      | Bought a +0 buckler for 49 gold pieces
  5081 | D:4      | Bought a +0 pair of boots for 49 gold pieces
  5280 | D:4      | Found a hide-covered altar of Uskayaw.
  5396 | D:4      | Reached skill level 1 in Shields
  5396 | D:4      | Reached XP level 8. HP: 57/70 MP: 7/7
  5445 | D:4      | Reached skill level 9 in Axes
  5706 | D:4      | Found a snail-covered altar of Cheibriados.
  6051 | D:5      | Entered Level 5 of the Dungeon
  6089 | D:5      | Identified a scroll of acquirement
  6089 | D:5      | Acquired a +0 great mace of protection
  6114 | D:5      | Reached skill level 5 in Armour
  7127 | D:6      | Reached skill level 1 in Maces & Flails
  7748 | D:6      | Found Kicumonied's Magic Scroll Shoppe.
  7754 | D:6      | Bought a scroll of enchant weapon for 112 gold pieces
  7982 | D:6      | Reached XP level 9. HP: 75/78 MP: 6/8
  7985 | D:6      | Reached skill level 10 in Axes
  8153 | D:6      | Reached skill level 11 in Axes
  8677 | D:7      | Found a staircase to the Ecumenical Temple.
  9027 | D:7      | Found a sparkling altar of Nemelex Xobeh.
  9038 | D:7      | Reached **** piety under Trog
  9322 | D:7      | Noticed a hornet
  9333 | D:7      | Killed a hornet
  9334 | D:7      | Reached skill level 12 in Axes
  9596 | D:7      | Found a radiant altar of Vehumet.
  9652 | D:7      | Reached skill level 13 in Axes
  9652 | D:7      | Reached XP level 10. HP: 86/86 MP: 7/9
 10264 | D:8      | Found a flagged portal.
 10470 | D:8      | Noticed a boulder beetle
 10472 | D:8      | Noticed a cyclops
 10475 | D:8      | Noticed a centaur warrior
 10487 | D:8      | Noticed an entropy weaver
 10490 | D:8      | Killed a boulder beetle
 10490 | D:8      | Killed an unseen horror
 10491 | D:8      | Reached skill level 14 in Axes
 10499 | D:8      | Killed a centaur warrior
 10511 | D:8      | an entropy weaver changed into a sky beast
 10516 | D:8      | Reached skill level 15 in Axes
 10524 | D:8      | Noticed Maurice
 10888 | D:8      | Identified the ring "Ryfozo" {Ice rElec Will+ Int+3}
 11268 | D:8      | Reached skill level 5 in Shields
 11391 | D:8      | Reached XP level 11. HP: 68/94 MP: 8/9
 11697 | D:8      | Maurice stole an amulet of magic regeneration
 11706 | D:8      | Something stole a +0 heavy halberd
 11707 | D:8      | Killed Maurice
 12310 | D:9      | Reached skill level 16 in Axes
 12669 | D:9      | Found a staircase to the Orcish Mines.
 12833 | D:9      | Found a broken altar of Ashenzari.
 13002 | Orc:1    | Entered Level 1 of the Orcish Mines
 13247 | Orc:1    | Noticed Fannar
 13267 | Orc:1    | Killed Fannar
 13516 | Orc:1    | Noticed an orc high priest
 13530 | Orc:1    | Killed an orc high priest
 13531 | Orc:1    | Reached skill level 17 in Axes
 13977 | Orc:1    | Noticed an orc knight
 13986 | Orc:1    | Noticed an orc knight
 13990 | Orc:1    | Killed an orc knight
 13993 | Orc:1    | Killed an orc knight
 14001 | Orc:1    | Noticed an orc knight
 14006 | Orc:1    | Noticed an orc knight
 14015 | Orc:1    | Slain by an orc knight

Illustrated notes

Levels and vault maps discovered:
D:1:      dpeg_arrival_castle, layout_basic
D:2:      layout_loops_corners, nicolae_houndstooth_variations
D:3:      layout_rooms, nicolae_gozag_seed_capital,
          nicolae_kikubaaqudgha_miasma_corner, basic_ecumenical_altar,
          kennysheep_generic_room_10
D:4:      layout_loops_ring, nicolae_wu_jian_wuxing_cycle,
          nicolae_uskayaw_dance_hall, slow_altar_2, serial_shops, shop,
          gup_ossuary_entry_pyramid
D:5:      layout_basic, amcnicky_mini_rare_corridor_liquid
D:6:      layout_basic, serial_shops, shop
D:7:      layout_rooms, nemelex_dance_club_becter,
          mainiacjoe_overflow_concentric_impassable,
          minmay_temple_entry_butterflies, serial_library,
          serial_library_hellmonk_double_dead_end,
          serial_library_hellmonk_long_bookcase,
          serial_library_hellmonk_small_alcove, serial_library_hellmonk_h_bend,
          serial_library_hellmonk_open_square,
          serial_library_hellmonk_small_corner,
          serial_library_hellmonk_hallway_b, serial_library_hellmonk_hallway_a,
          serial_library_regret_index_small_wings
D:8:      layout_gridville, enter_bailey_2, minmay_the_grid_2x2
          [minmay_the_grid_square_x, minmay_the_grid_plusring,
          minmay_the_grid_gridbox, minmay_the_grid_prize_trominoes],
          uniq_maurice
D:9:      layout_roguey, lemuel_coloured_pillars_altar, orc_0_dummy,
          serial_glass, glass_columns_a, glass_columns_a
Orc:1:    layout_caves, special_room [special_room_orc],
          gammafunk_ghost_berserking_beasts, uniq_fannar

Skill      XL: |  1  2  3  4  5  6  7  8  9 10 11 |
---------------+----------------------------------+-----
Fighting       | 4 5 6 7 8 9 |  9.3
Axes           | 5 6 7 8 9 13 15 17 | 17.6
Dodging        | 2 3 |  3.8
Armour         | 3 4 6 7 8 |  8.7
Shields        | 1 2 3 5 6 |  6.2
Maces & Flails | 1 |  1.8

Action                     |  1- 3 |  4- 6 |  7- 9 | 10-12 || total
---------------------------+-------+-------+-------+-------++-------
  Melee: Hand axe          |   114 |   191 |   181 |       ||   486
         Punch             |       |     2 |       |       ||     2
         Battleaxe         |       |       |   128 |   275 ||   403
         Great mace        |       |       |    18 |       ||    18
 Invoke: Berserk           |     1 |     2 |    12 |     8 ||    23
         Trog's Hand       |       |       |       |     2 ||     2
         Brothers in Arms  |       |       |       |     1 ||     1
    Use: Potion            |     1 |       |     3 |     3 ||     7
         Scroll            |     5 |       |    11 |     5 ||    21
 Armour: Leather armour    |    87 |     2 |       |       ||    89
         Scale mail        |       |   129 |   237 |    22 ||   388
         Chain mail        |       |       |       |   308 ||   308
  Dodge: Dodged            |    81 |   108 |   153 |   155 ||   497
  Block: Buckler           |       |       |    13 |       ||    13
